 Seeded DCSS version 0.24-a0-254-gf493760 (webtiles) character file.

Game seed: 4816019626013319493

2306 Anathematize the Cutter (level 9, 3/52 HPs)
             Began as a Kobold Arcane Marksman on Apr 1, 2019.
             Was a Believer of Vehumet.
             Quit the game on level 7 of the Dungeon on Apr 18, 2019.
             The game lasted 01:30:14 (12907 turns).

Anathematize the Cutter (Kobold Arcane Marksman)   Turns: 12907, Time: 01:30:14

Health: 3/52       AC: 10    Str:  8    XL:     9   Next: 68%
Magic:  21/21      EV: 15    Int: 17    God:    Vehumet [**....]
Gold:   97         SH:  0    Dex: 15    Spells: 5/12 levels left

rFire    . . .     SeeInvis .   h - +1 dagger (venom)
rCold    . . .     Gourm    .   (shield restricted)
rNeg     + . .     Faith    .   g - +2 robe {rN+}
rPois    .         Spirit   .   r - +2 helmet
rElec    .         Reflect  .   b - +0 cloak
rCorr    +         Harm     .   z - +0 pair of gloves
MR       .....                  e - +0 pair of boots
Stlth    +++.......             q - amulet of rage
HPRegen  0.17/turn              u - ring of resist corrosion
MPRegen  0.17/turn              B - ring of magical power

@: no status effects
A: small, carnivore
a: Renounce Religion, Evoke Berserk Rage


You were on level 7 of the Dungeon.
You worshipped Vehumet.
Vehumet was pleased with you.
You were full.

You visited 2 branches of the dungeon, and saw 8 of its levels.

You collected 240 gold pieces.
You spent 143 gold pieces at shops.

Inventory:

Hand Weapons
 a - a +0 hunting sling
 h - a +1 dagger of venom (weapon)
 o - a +3 dagger of holy wrath
 A - a +2 dagger of draining
Missiles
 d - 34 sling bullets
 k - 2 tomahawks
 n - 214 stones (quivered)
 s - 16 poisoned needles
Armour
 b - a +0 cloak (worn)
 e - a +0 pair of boots (worn)
 g - a +2 robe of positive energy (worn)
 r - a +2 helmet (worn)
 z - a +0 pair of gloves (worn)
Jewellery
 c - an uncursed ring of positive energy
 q - an amulet of rage (around neck)
 u - a ring of resist corrosion (left hand)
 y - an uncursed ring of positive energy
 B - a ring of magical power (right hand)
 D - an uncursed ring of protection from fire
Wands
 i - a wand of random effects (16)
 m - a wand of flame (14)
 G - a wand of acid (1)
Scrolls
 j - 5 scrolls of remove curse
 t - a scroll of immolation
 v - a scroll of identify
 E - a scroll of amnesia
 F - a scroll of enchant armour
Potions
 l - 3 potions of brilliance
 p - a potion of heal wounds
 w - a potion of cancellation
Comestibles
 f - 14 rations


   Skills:
 + Level 4.4 Fighting
 * Level 7.7 Short Blades
 * Level 5.9 Slings
 - Level 2.6 Dodging
 + Level 6.1 Stealth
 - Level 2.0 Spellcasting
 + Level 5.1 Hexes
 * Level 4.7 Ice Magic


You had 5 spell levels left.
You knew the following spells:

 Your Spells              Type           Power        Failure   Level  Hunger
a - Corona                Hex            ###....      2%          1    #......
b - Slow                  Hex            ###.....     3%          2    ###....
c - Portal Projectile     Hex/Tloc       ##....       21%         3    ###....
d - Freeze                Ice            ###.         2%          1    #......

Your spell library contained the following spells:

 Spells                   Type           Power        Failure   Level  Hunger
 Static Discharge         Conj/Air       #.......     50%         3    ###....
 Flame Tongue             Conj/Fire      #....        19%         1    #......
 Inner Flame              Hex/Fire       ##......     21%         3    ###....
 Cause Fear               Hex            ###.......   24%         4    #####..
 Throw Flame              Conj/Fire      #.....       28%         2    ###....
 Conjure Flame            Conj/Fire      #.......     50%         3    ###....
 Leda's Liquefaction      Hex/Erth       ##........   56%         4    #####..
 Sticky Flame             Conj/Fire      #.......     88%         4    #####..
 Fireball                 Conj/Fire      #.........   99%         5    ######.


Dungeon Overview and Level Annotations

Branches:
Dungeon (7/15)             Temple (1/1) D:4

Altars:
Ashenzari
Cheibriados
Fedhas
Gozag
Hepliaklqana
Kikubaaqudgha
Makhleb
Nemelex Xobeh
Okawaru
Qazlal
Ru
Sif Muna
Trog
Uskayaw
Vehumet
Wu Jian
Xom
Yredelemnul
Zin
The Shining One

Shops:
D:7 !

Annotations:
D:5 exclusions: door and downstairs, Prince Ribbit
D:7 4 runed translucent doors, 1 exclusion, Crazy Yiuf


Innate Abilities, Weirdness & Mutations

You are small and have problems with some larger weapons.
You are carnivorous and can eat meat at any time.


Message History

The orc wizard seems to speed up.
The orc warrior hits you with a +0 trident!!
* * * LOW HITPOINT WARNING * * *
The kobold throws a stone.
The stone hits you but does no damage. The orc closely misses you.
You see here a stone.
Save game and exit?
Warning: Your rc file specifies a game seed, but this build of crawl does not support seed selection.
I will choose a seed randomly. (unknown:5) Level annotation: 4 runed translucent doors, 1 exclusion, Crazy Yiuf Welcome back, Anathematize the Kobold Arcane Marksman.
Vehumet says: Let it end in hellfire!
Press ? for a list of commands and other information.
Save game and exit?
Level annotation: 4 runed translucent doors, 1 exclusion, Crazy Yiuf Welcome back, Anathematize the Kobold Arcane Marksman.
Vehumet says: Let it end in hellfire!
Press ? for a list of commands and other information.
Quiver which item? (- for none, * to show all) (? for menu, Esc to quit)
Okay, then.
Are you sure you want to abandon this character and quit the game? (Confirm with "yes".)

## ...## ##.....#.......
#..###..............
###......#...........
##..#........K...........
((.(......>..............
#
#+++####...†.............
# ...).
#....###.........## #
.... ########.o........#
# ... ######.o@###.......
# .= #...o...oot#.....##
# . ########.#.#.....# #
### #.....###### # ..#...
#.##...... . #.# #..####
#.# [####. ###.#
#....###.# # #.#
####.##..# #.# #..#.###


You could see an orc warrior, a crocodile, 2 orc wizards, 2 orcs and a kobold.

Vanquished Creatures
  A hornet (D:7)
  Sigmund (D:6)
  Edmund (D:6)
  A sky beast (D:5)
  An orc warrior (D:7)
  A centaur (D:5)
  3 ogres
  A bullfrog (D:6)
  2 scorpions (D:6)
  2 crimson imps (D:5)
  2 hounds
  A jelly (D:7)
  A bullfrog skeleton (D:4)
  8 orc priests
  2 centaur skeletons
  4 orc wizards
  2 iguanas (D:3)
  Ijyb (D:4)
  5 worker ants
  A hound skeleton (D:4)
  Robin (D:2)
  6 gnolls
  9 adders
  2 shadow imps
  2 oozes
  An adder skeleton (D:4)
  A worm (D:4)
  5 dart slugs
  7 leopard geckos
  21 orcs
  A ball python (D:4)
  8 giant cockroaches
  22 goblins
  7 hobgoblins
  7 jackals (D:4)
  4 kobolds
  2 quokkas
  9 bats
  2 frilled lizards (D:4)
  A jackal skeleton (D:4)
  A leopard gecko skeleton (D:5)
  A leopard gecko zombie (D:7)
  A quokka skeleton (D:4)
  13 rats
175 creatures vanquished.

Notes
Turn   | Place    | Note
-------+----------+-------------------------------------------
     0 | D:1      | Anathematize the Kobold Arcane Marksman began the quest for
                  | the Orb.
     0 | D:1      | Reached XP level 1. HP: 12/12 MP: 2/2
    99 | D:1      | Reached skill level 1 in Stealth
   191 | D:1      | Reached XP level 2. HP: 12/16 MP: 3/3
   195 | D:1      | Learned a level 2 spell: Slow
   553 | D:1      | Reached skill level 1 in Short Blades
   874 | D:1      | Reached XP level 3. HP: 20/20 MP: 4/4
  1757 | D:2      | Reached skill level 2 in Short Blades
  1842 | D:2      | Reached XP level 4. HP: 25/25 MP: 3/5
  2121 | D:2      | Found a radiant altar of Vehumet.
  2149 | D:2      | Became a worshipper of Vehumet
  2502 | D:2      | Noticed Robin
  2629 | D:2      | Killed Robin
  2660 | D:2      | Reached XP level 5. HP: 27/30 MP: 3/7
  2697 | D:2      | Learned a level 3 spell: Portal Projectile
  2853 | D:2      | Found a hazy altar of Hepliaklqana.
  3133 | D:2      | Found a glowing silver altar of Zin.
  3373 | D:2      | Reached skill level 3 in Short Blades
  3392 | D:2      | Found an opulent altar of Gozag.
  3392 | D:2      | Found a deep blue altar of Sif Muna.
  3397 | D:2      | Found a sacrificial altar of Ru.
  3399 | D:2      | Found an ancient bone altar of Kikubaaqudgha.
  3400 | D:2      | Found a faded altar of an unknown god.
  4407 | D:3      | Reached XP level 6. HP: 18/35 MP: 2/8
  5114 | D:3      | Reached * piety under Vehumet
  5114 | D:3      | Offered knowledge of Freeze by Vehumet.
  5117 | D:3      | Learned a level 1 spell: Freeze
  5176 | D:3      | Reached skill level 4 in Short Blades
  5424 | D:3      | Found a stormy altar of Qazlal.
  6363 | D:4      | Noticed an ogre
  6781 | D:3      | Reached XP level 7. HP: 40/40 MP: 5/10
  7026 | D:4      | Reached skill level 1 in Ice Magic
  7836 | D:3      | Reached skill level 5 in Short Blades
  8156 | D:3      | Reached XP level 8. HP: 28/46 MP: 7/11
  8448 | D:4      | Found a staircase to the Ecumenical Temple.
  8457 | D:4      | Noticed Ijyb
  8985 | D:4      | Found an ornate altar of the Wu Jian Council.
  9431 | D:4      | Killed Ijyb
  9687 | D:4      | Found a bloodstained altar of Trog.
  9833 | Temple   | Entered the Ecumenical Temple
  9903 | D:5      | Entered Level 5 of the Dungeon
  9966 | D:5      | Reached ** piety under Vehumet
  9966 | D:5      | Offered knowledge of Sandblast by Vehumet.
 10166 | D:5      | Noticed Prince Ribbit
 10761 | D:5      | Reached skill level 6 in Short Blades
 10761 | D:5      | Reached skill level 5 in Stealth
 11231 | D:6      | Reached skill level 5 in Slings
 11283 | D:6      | Reached XP level 9. HP: 47/52 MP: 12/12
 11384 | D:6      | Noticed Sigmund
 11391 | D:6      | Killed Sigmund
 11401 | D:6      | Noticed Edmund
 11559 | D:6      | Killed Edmund
 11559 | D:6      | Reached skill level 7 in Short Blades
 11607 | D:6      | Found a sacrificial altar of Ru.
 12244 | D:7      | Offered knowledge of Static Discharge by Vehumet.
 12328 | D:7      | Found a runed translucent door.
 12329 | D:7      | Noticed Crazy Yiuf
 12369 | D:7      | Found Teazuha's Distillery.
 12400 | D:7      | Noticed a hornet
 12595 | D:7      | Bought a potion of curing for 39 gold pieces
 12595 | D:7      | Bought a potion of curing for 39 gold pieces
 12689 | D:7      | Reached skill level 5 in Hexes
 12753 | D:7      | Paralysed by a hornet for 3 turns
 12764 | D:7      | Killed a hornet
 12850 | D:7      | Bought a potion of heal wounds for 65 gold pieces
 12873 | D:7      | Found a runed translucent gate.
 12874 | D:7      | Found a runed translucent gate.
 12875 | D:7      | Found a runed translucent gate.
 12879 | D:7      | Identified the +6 trident "Juups" {elec, rElec MP+9 Dex+2}
 12907 | D:7      | Upgraded the game from 0.24-a0-228-g05560da to
                  | 0.24-a0-244-ga6a6ab7
 12907 | D:7      | Upgraded the game from 0.24-a0-244-ga6a6ab7 to
                  | 0.24-a0-254-gf493760
 12907 | D:7      | Quit the game

Levels and vault maps discovered:
D:1:      psy_arrival_spokes, layout_basic
D:2:      cheibrodos_helix_gallery, layout_basic,
          chequers_temple_overflow_minitemple, old_standard_altar,
          nicolae_overflow_crystal_walls, old_standard_altar, uniq_robin
D:3:      layout_basic, grunt_qazlal_sundering
D:4:      cheibrodos_pilgrimage, layout_cave_pools, kennysheep_little_box,
          lemuel_round_altar, minmay_temple_entry_statues, first_ration,
          uniq_ijyb
D:5:      layout_gridville, uniq_prince_ribbit1
D:6:      layout_loops_cross, basic_altar, serial_glass, glass_columns_a,
          glass_columns_a, uniq_sigmund, uniq_edmund
D:7:      layout_rooms, marbit_many_paths, serial_shops, shop,
          gammafunk_ghost_necromancy, uniq_crazy_yiuf_cottage
Temple:   eino_wide_crystal_templ

Skill      XL: |  1  2  3  4  5  6  7  8  9 |
---------------+----------------------------+-----
Stealth        | 1 2 3 4 5 6 |  6.1
Short Blades   | 1 2 3 4 5 6 7 |  7.7
Fighting       | 2 3 4 |  4.4
Slings         | 3 4 5 |  5.9
Spellcasting   | 2 |  2.0
Ice Magic      | 2 3 4 |  4.7
Hexes          | 4 5 |  5.1
Dodging        | |  2.6

Action                   |  1- 3 |  4- 6 |  7- 9 || total
-------------------------+-------+-------+-------++-------
Melee: Dagger            |   129 |   179 |   275 ||   583
       Hunting sling     |       |       |     1 ||     1
 Fire: Hunting sling     |    21 |   147 |   212 ||   380
Throw: Stone             |       |       |     1 ||     1
 Cast: Corona            |    11 |    46 |    39 ||    96
       Slow              |    18 |    61 |    68 ||   147
       Portal Projectile |       |     2 |       ||     2
       Freeze            |       |     4 |    79 ||    83
Evoke: Wand              |       |       |    14 ||    14
  Use: Scroll            |       |     8 |    10 ||    18
       Potion            |       |     6 |     5 ||    11
 Stab: Sleeping          |     2 |     1 |     2 ||     5
       Invisible         |       |     2 |       ||     2
       Distracted        |       |       |     1 ||     1
  Eat: Chunk             |    13 |    21 |    24 ||    58
Armor: Robe              |    30 |    25 |    94 ||   149
Dodge: Dodged            |   122 |   111 |   224 ||   457

Table legend:
 A = Non-vault XP
 B = Vault XP
 C = Vault XP percentage of total XP
 D = Non-vault monster count
 E = Vault monster count
 F = Vault count percentage of total count
                 A         B        C        D         E       F
            +---------+---------+-------+---------+---------+-------
      Total |    2721 |     574 |  17.4 |     151 |      24 |  13.7
            +---------+---------+-------+---------+---------+-------
        D:1 |      47 |       0 |   0.0 |      24 |       0 |   0.0
        D:2 |     131 |      53 |  28.8 |      32 |      15 |  31.9
        D:3 |     389 |       0 |   0.0 |      26 |       0 |   0.0
        D:4 |     443 |     130 |  22.7 |      29 |       7 |  19.4
        D:5 |     542 |       0 |   0.0 |      15 |       0 |   0.0
        D:6 |     521 |     391 |  42.9 |      14 |       2 |  12.5
        D:7 |     648 |       0 |   0.0 |      11 |       0 |   0.0
            +---------+---------+-------+---------+---------+-------
